 Dungeon Crawl Stone Soup version 0.31-a0-845-g9abc20d24f (webtiles) character file.

Game seed: 4024612605058533368

327 wvc the Grave Robber (level 6, -2/41 HPs)
             Began as a Human Necromancer on Oct 1, 2023.
             Was an Initiate of Yredelemnul.
             Splashed by a jelly's acid (7 damage)
             ... on level 4 of the Dungeon.
             The game lasted 00:07:56 (2821 turns).

wvc the Grave Robber (Human Necromancer)            Turns: 2821, Time: 00:07:58

Health: -2/41      AC:  4    Str:  8    XL:     6   Next: 79%
Magic:  7/11       EV: 12    Int: 17    God:    Yredelemnul [......]
Gold:   101        SH:  0    Dex: 14    Spells: 11/12 levels left

rFire   . . .        o - +0 dagger (venom)
rCold   . . .        (no shield)
rNeg    . . .        p - +0 animal skin
rPois   .            q - +1 helmet
rElec   .            m - scarf {shadows}
rCorr   .            (no gloves)
SInv    .            (no boots)
Will    .....        (no amulet)
Stlth   ++           (no ring)
HPRegen 0.26/turn    (no ring)
MPRegen 0.12/turn

%: no passive effects
@: no status effects
A: no striking features
a: Renounce Religion, Recall Undead Harvest


You were on level 4 of the Dungeon.
You worshipped Yredelemnul.
Yredelemnul was noncommittal.
You visited 1 branch of the dungeon, and saw 4 of its levels.

You collected 101 gold pieces.

Inventory:

Hand Weapons
 o - a +0 dagger of venom (weapon)
Armour
 m - a scarf of shadows (worn)
 p - a +0 animal skin (worn)
 q - a +1 helmet (worn)
 r - an orb of wrath
Jewellery
 s - a ring of flight
Talismans
 a - a flux talisman
Scrolls
 c - a scroll of enchant weapon {unknown}
 e - a scroll of revelation {unknown}
 f - 3 scrolls of identify {unknown}
 i - a scroll of amnesia {unknown}
 k - a scroll of fog {unknown}
 l - a scroll of fear {unknown}
 t - a scroll of blinking {unknown}
 u - a scroll of teleportation {unknown}
Potions
 b - a potion of magic
 d - 2 potions of degeneration {unknown}
 g - 2 potions of cancellation {unknown}
 h - a potion of enlightenment {unknown}
 j - 2 potions of curing {unknown}
 n - a potion of haste {unknown}


   Skills:
 - Level 2.0 Dodging
 - Level 2.0 Stealth
 + Level 3.7 Spellcasting
 * Level 6.7 Necromancy


You had 11 spell levels left.
You knew the following spells:

 Your Spells              Type           Power      Damage    Failure   Level
a - Necrotise             Necr           100%       1d9       1%          1

Your spell library contained the following spells:

 Spells                   Type           Power      Damage    Failure   Level
 Vampiric Draining        Necr           25%        2d7       3%          3
 Kiss of Death            Conj/Necr      56%        2d9       4%          1
 Dispel Undead            Necr           25%        3d12      11%         4
 Agony                    Necr           25%        N/A       28%         5
 Confusing Touch          Hex            3%         N/A       43%         3
 Animate Dead             Necr           Unusable   N/A       N/A         4

Dungeon Overview and Level Annotations

Branches:
Dungeon (4/15)
 Temple: D:4-7

Altars:
Qazlal
Yredelemnul


Message History

The orc closely misses you.
Your ball python zombie bites the orc.
The orc dies!
The dead are walking!
Your ball python zombie grabs your orc zombie.
Your ball python zombie constricts your orc zombie.
The endoplasm hits your orc zombie. The jelly hits you.
You are splashed with acid!
The endoplasm hits something.
Okay, then.
Casting: Necrotise (safe; 1% risk of failure)
Confirm with . or Enter, or press ? or * to list all spells.
Aiming: Necrotise (safe; 1% risk of failure)
Press: ? - help, Shift-Dir - straight line, f - jelly
Aim: a jelly (chance to affect: 88%)
The jelly barely resists.
Casting: Necrotise (safe; 1% risk of failure)
Confirm with . or Enter, or press ? or * to list all spells.
Aiming: Necrotise (safe; 1% risk of failure)
Press: ? - help, Shift-Dir - straight line, f/p - jelly
Aim: a jelly (ally target, chance to affect: 88%)
The jelly writhes in agony.
The jelly hits you.
You are splashed with acid!
* * * LOW HITPOINT WARNING * * *
Casting: Necrotise (safe; 1% risk of failure)
Confirm with . or Enter, or press ? or * to list all spells.
Aiming: Necrotise (safe; 1% risk of failure)
Press: ? - help, Shift-Dir - straight line, f/p - jelly
Aim: a jelly (lightly wounded, ally target, chance to affect: 88%)
The jelly writhes in agony.
The jelly misses you.
Your orc zombie hits the jelly.
Your orc zombie is burned by acid!
Casting: Necrotise (safe; 1% risk of failure)
Confirm with . or Enter, or press ? or * to list all spells.
Aiming: Necrotise (safe; 1% risk of failure)
Press: ? - help, Shift-Dir - straight line, f/p - jelly
Aim: a jelly (heavily wounded, ally target, chance to affect: 88%)
The jelly writhes in agony.
The jelly hits you.
* * * LOW HITPOINT WARNING * * *
You are splashed with acid!
You die...
Your body rises from the dead as a mindless zombie.

... #### ..... ##..#
..... ####.#.# .....
#.##...####.....
##.......@.......
#......#..J.###..
#......#.##Z#
##.......##)Z#
###........#Z)J#
##............#..
#...........Z.#...
#####........##.#.:...
#.###..##.......
).#...


You could see a jelly (ally target), a friendly ball python zombie and a
friendly orc zombie.

Vanquished Creatures
  A sky beast (D:3)
  A howler monkey (D:3)
  2 hounds
  Robin (D:2)
  5 adders
  A dart slug (D:2)
  2 orcs (D:4)
  4 ball pythons
  3 bats
  3 endoplasms
  2 giant cockroaches
  5 hobgoblins
  3 jackals (D:2)
  A quokka (D:1)
  7 frilled lizards (D:2)
  9 goblins
  9 kobolds
  3 rats
62 creatures vanquished.

Vanquished Creatures (collateral kills)
  An adder (D:3)
  2 orcs (D:4)
  2 endoplasms (D:1)
  2 ball pythons
  A frilled lizard (D:2)
  4 goblins
  A kobold (D:1)
  A rat (D:1)
14 creatures vanquished.

Vanquished Creatures (others)
  A hound zombie (D:4)
  A bat zombie (D:2)
  2 ball python zombies
  An endoplasm zombie (D:1)
  4 frilled lizard zombies (D:2)
  A giant cockroach zombie (D:2)
  2 goblin zombies (D:2)
  A hobgoblin zombie (D:2)
  A jackal zombie (D:2)
  2 kobold zombies
  An orc zombie (D:4)
17 creatures vanquished.

Grand Total: 93 creatures vanquished

Notes
Turn   | Place    | Note
-------+----------+-------------------------------------------
     0 | D:1      | wvc the Human Necromancer began the quest for the Orb.
     0 | D:1      | Reached XP level 1. HP: 13/13 MP: 3/3
   109 | D:1      | Found a faded altar of an unknown god.
   143 | D:1      | Prayed at the altar of an unknown god.
   143 | D:1      | Became a worshipper of Yredelemnul the Dark
   281 | D:1      | Reached XP level 2. HP: 19/19 MP: 3/5
   314 | D:1      | Reached * piety under Yredelemnul
   949 | D:2      | Reached XP level 3. HP: 23/24 MP: 2/6
  1164 | D:2      | Reached skill level 5 in Necromancy
  1352 | D:2      | Noticed Robin
  1363 | D:2      | Reached XP level 4. HP: 30/30 MP: 7/7
  1591 | D:2      | Killed Robin
  1911 | D:3      | Found a stormy altar of Qazlal.
  1911 | D:3      | Noticed a sky beast
  1932 | D:3      | Killed a sky beast
  1933 | D:3      | Reached XP level 5. HP: 26/35 MP: 1/9
  1976 | D:3      | Reached skill level 6 in Necromancy
  2060 | D:3      | Reached XP level 6. HP: 35/41 MP: 6/11
  2196 | D:3      | Reached ** piety under Yredelemnul
  2821 | D:4      | Splashed by a jelly's acid

Illustrated notes

Levels and vault maps discovered:
D:1:      dpeg_arrival_arbitrary_b, layout_loops_ring,
          shapermc_ecumenical_altar_acropolis
D:2:      layout_basic, grunt_decor_arrowhead, minmay_lizard_pond, uniq_robin
D:3:      layout_basic, nicolae_qazlal_beasts_of_the_sky,
          nicolae_twisty_statue_hallways
D:4:      layout_cave_pools, lemuel_doored_altar, uniq_duvessa,
          uniq_blork_the_orc

Skill      XL: |  1  2  3  4  5 |
---------------+----------------+-----
Necromancy     | 5 6 |  6.7
Spellcasting   | 3 |  3.7
Dodging        | |  2.0
Stealth        | |  2.0

Action                     |  1- 3 |  4- 6 || total
---------------------------+-------+-------++-------
  Melee: Unarmed           |    57 |       ||    57
         Punch             |     2 |     1 ||     3
         Dagger            |       |    69 ||    69
   Cast: Necrotise         |    39 |    37 ||    76
   Stab: Sleeping          |     3 |     3 ||     6
         Distracted        |       |     3 ||     3
 Armour: Robe              |    33 |     4 ||    37
         Animal skin       |       |    34 ||    34
  Dodge: Dodged            |    56 |    51 ||   107

Table legend: (Time is in decaauts)
 A = Elapsed time spent in this place.
 B = Non-inter-level travel time spent in this place.
 C = Inter-level travel time spent in this place.
 D = Time resting spent in this place.
 E = Time spent auto-exploring this place.
 F = Levels seen in this place.
 G = Mean time per level.
                   A        B        C        D        E       F      G
               +--------+--------+--------+--------+--------+-----+--------+
         Total |   2821 |   2734 |     87 |    168 |   1901 |   4 |  705.2 |
       Dungeon |   2821 |   2734 |     87 |    168 |   1901 |   4 |  705.2 |
               +--------+--------+--------+--------+--------+-----+--------+

Top non-repeatable levels by time:
     D:1: 1016 daAuts
     D:3: 886 daAuts
     D:2: 843 daAuts
     D:4: 74 daAuts
